 Dungeon Crawl Stone Soup version 0.13.0-26-gf7ffa3a (webtiles) character file.

412 Grandi the Magician (level 6, 0/40 HPs)
             Began as a Human Wizard on Oct 31, 2013.
             Killed from afar by a steam dragon (12 damage)
             ... with a ball of steam
             ... on Level 5 of the Dungeon.
             The game lasted 00:30:46 (4607 turns).

Grandi the Magician (Human Wizard)                  Turns: 4607, Time: 00:30:47

HP   0/40        AC  3     Str  7      XL: 6   Next:  6%
MP   1/16        EV 12     Int 21      God:
Gold 214         SH  0     Dex 11      Spells:  5 memorised,  2 levels left

Res.Fire  : . . .   See Invis. : .   t - +0,+2 dagger
Res.Cold  : . . .   Warding    : .   a - +0 robe
Life Prot.: . . .   Conserve   : .   (no shield)
Res.Poison: .       Res.Corr.  : .   b - +0 wizard hat
Res.Elec. : .       Clarity    : .   (no cloak)
Sust.Abil.: . .     Spirit.Shd : .   (no gloves)
Res.Mut.  : .       Stasis     : .   D - +0 pair of boots
Res.Rott. : .       Flight     : .   (no amulet)
Saprovore : . . .                    (no ring)
                                     A - ring of wizardry

@: slightly resistant to hostile enchantments, fairly stealthy
A: no striking features
a: no special abilities


You were on level 5 of the Dungeon.
You were not hungry.

You visited 1 branch of the dungeon, and saw 5 of its levels.

You collected 194 gold pieces.

Inventory:

Hand weapons
 t - a +0,+2 dagger (weapon)
Missiles
 o - 91 darts (quivered)
Armour
 a - a +0 robe (worn)
 b - a +0 wizard hat (worn)
 g - a cursed +0 leather armour
 j - a +2 robe
 v - a +0 robe
 D - a +0 pair of boots (worn)
Magical devices
 x - a wand of polymorph (11)
 B - a wand of cold (4)
Comestibles
 d - 2 bread rations
Scrolls
 e - 2 scrolls of teleportation {unknown}
 f - a scroll of enchant weapon I {unknown}
 h - a scroll of random uselessness {unknown}
 k - a scroll of amnesia {unknown}
 l - a scroll of curse armour {unknown}
 m - a scroll of identify
 q - a scroll of fear {unknown}
 r - 2 scrolls of curse jewellery {unknown}
 s - a scroll of magic mapping {unknown}
 y - a scroll of fog {unknown}
 E - a scroll of curse weapon {unknown}
Jewellery
 A - a ring of wizardry (left hand)
Potions
 i - a potion of speed {unknown}
 n - a potion of curing
 p - a potion of poison {unknown}
 u - a potion of berserk rage {unknown}
 w - a potion of might {unknown}
 z - a potion of slowing {unknown}
 F - a potion of magic {unknown}
Books
 c - a book of Minor Magic

   Spells                             Type                      Level
   *Magic Dart                        Conjuration                  1
   *Blink                             Translocation                2
   *Call Imp                          Summoning                    2
   Repel Missiles                     Charms/Air                   2
   Slow                               Hexes                        2
   *Conjure Flame                     Conjuration/Fire             3
   *Mephitic Cloud                    Conjuration/Poison/Air       3


   Skills:
 * Level 2.0 Fighting
 * Level 2.0 Armour
 + Level 2.7 Dodging
 + Level 2.2 Stealth
 + Level 0.2 Unarmed Combat
 + Level 4.0 Spellcasting
 + Level 1.4 Conjurations
 + Level 2.0 Summonings
 + Level 1.1 Translocations


You had 2 spell levels left.
You knew the following spells:

 Your Spells              Type           Power        Failure   Level  Hunger
a - Magic Dart            Conj           ##..         3%          1    None
b - Blink                 Tloc           N/A          4%          2    #......
c - Call Imp              Summ           ##........   3%          2    #......
d - Mephitic Cloud        Conj/Pois/Air  #.......     13%         3    ###....
e - Conjure Flame         Conj/Fire      #.......     12%         3    ###....


Dungeon Overview and Level Annotations

Branches:
Dungeon (5/27)
 Temple: D:4-7

Altars:
Ashenzari
Elyvilon

Shops:
D:5 }

Annotations:
D:4 erdraug's ghost, experienced TeCj


Message History

The steam dragon breathes steam at you. The ball of steam misses you.
Found a brown potion and 22 stones.
Found a stone staircase leading down.
A bat comes into view.
The bat hits you but does no damage.
You hit the bat.
The bat is moderately wounded.
The bat barely misses you.
A goblin comes into view. It is wielding a glowing dagger.
Read which item? (? for menu, Esc to quit)
As you read the scroll labeled QUCHAG INI, it crumbles to dust.
Use on which item? (\ to view known items) (? for menu, Esc to quit)
n - 2 potions of curing It was a scroll of identify.
The bat hits you but does no damage.
Drink which item? (? for menu, Esc to quit)
You feel better. The bat hits you but does no damage. The bat hits you.
* * * LOW HITPOINT WARNING * * *
The steam dragon breathes steam at you. The ball of steam hits you!
You die...

####!# ####.###
##....## #5#
.....>.# #.# #<....
##.## #...§
######...#
#.#.######.....§..#
#....§D......##...#
###D######...######
#@# ##### #b# #g#
(.# ..# #..# ...#
...# ...


You could see a steam dragon, a goblin and a bat.

Vanquished Creatures
  3 crimson imps (D:5)
  An orc wizard (D:4)
  An adder (D:3)
  6 giant geckos
  4 orcs
  7 goblins
  6 hobgoblins
  4 bats
  2 giant newts (D:1)
  A kobold (D:2)
  4 rats
39 creatures vanquished.

Vanquished Creatures (collateral kills)
  A crimson imp (D:3)
  A giant frog zombie (D:5)
  A centaur skeleton (D:4)
  An orc wizard (D:4)
  Terence (D:3)
  6 adders
  A giant mite (D:4)
  2 worms
  An orc (D:4)
  2 giant cockroaches
  4 hobgoblins
  6 jackals (D:3)
  A ball python (D:4)
  2 bats (D:2)
  A giant newt (D:4)
  3 kobolds (D:2)
  2 rats (D:4)
36 creatures vanquished.

Vanquished Creatures (others)
  A white imp (D:4)
1 creature vanquished.

Grand Total: 76 creatures vanquished

Notes
Turn   | Place    | Note
--------------------------------------------------------------
     0 | D:1      | Grandi, the Human Wizard, began the quest for the Orb.
     0 | D:1      | Reached XP level 1. HP: 11/11 MP: 5/5
   425 | D:1      | Reached XP level 2. HP: 17/17 MP: 4/7
   429 | D:1      | Learned a level 2 spell: Blink
   432 | D:1      | Learned a level 2 spell: Call Imp
  1577 | D:2      | Reached XP level 3. HP: 14/22 MP: 2/9
  1693 | D:2      | Learned a level 3 spell: Mephitic Cloud
  1754 | D:2      | Reached skill level 1 in Fighting
  1757 | D:2      | Reached skill level 1 in Armour
  2493 | D:3      | Reached XP level 4. HP: 26/28 MP: 1/11
  3008 | D:3      | Noticed Terence
  3045 | D:3      | Killed Terence
  3307 | D:3      | Reached XP level 5. HP: 24/34 MP: 5/13
  3325 | D:3      | Learned a level 3 spell: Conjure Flame
  3728 | D:3      | Found a shattered altar of Ashenzari.
  3728 | D:3      | Found a white marble altar of Elyvilon.
  4119 | D:4      | Noticed erdraug's ghost (experienced TeCj)
  4157 | D:5      | Entered Level 5 of the Dungeon
  4412 | D:5      | Found Skohaodi's Gadget Shop.
  4571 | D:5      | Reached skill level 4 in Spellcasting
  4571 | D:5      | Reached XP level 6. HP: 22/40 MP: 0/16
  4599 | D:5      | Noticed a steam dragon
  4599 | D:5      | a worker ant changed into a steam dragon
  4607 | D:5      | Killed from afar by a steam dragon

Action                   |  1- 3 |  4- 6 || total
-------------------------+-------+-------++-------
Melee: Unarmed           |    18 |    19 ||    37
       Dagger            |       |    14 ||    14
 Cast: Magic Dart        |    62 |    31 ||    93
       Call Imp          |    18 |    36 ||    54
       Blink             |     1 |     5 ||     6
       Mephitic Cloud    |       |     6 ||     6
Evoke: Wand              |       |     2 ||     2
  Use: Scroll            |       |     1 ||     1
       Potion            |       |     1 ||     1
